 Dungeon Crawl Stone Soup version 0.23.0 (webtiles) character file.

Game seed: 16698659527467787619

27 wolfsongas the Chucker (level 3, 0/31 HPs)
             Began as a Gnoll Wanderer on Feb 15, 2019.
             Slain by an adder (2 damage)
             ... on level 2 of the Dungeon.
             The game lasted 00:01:39 (768 turns).

wolfsongas the Chucker (Gnoll Wanderer)              Turns: 768, Time: 00:01:39

Health: 0/31       AC:  3    Str: 15    XL:     3   Next: 10%
Magic:  7/7        EV: 11    Int: 13    God:
Gold:   100        SH:  0    Dex: 15    Spells: 6/7 levels left

rFire    . . .     SeeInvis .   e - +0 dagger
rCold    . . .     Gourm    .   (no shield)
rNeg     . . .     Faith    .   d - +0 robe
rPois    .         Spirit   .   (no helmet)
rElec    .         Reflect  .   (no cloak)
rCorr    .         Harm     .   (no gloves)
MR       .....                  a - +0 pair of boots
Stlth    +++.......             (no amulet)
HPRegen  0.10/turn              (no ring)
MPRegen  0.10/turn              (no ring)

@: no status effects
A: distributed training, fangs 1, strong nose
a: no special abilities


You were on level 2 of the Dungeon.
You were not hungry.

You visited 1 branch of the dungeon, and saw 2 of its levels.

You collected 100 gold pieces.

Inventory:

Hand Weapons
 e - a +0 dagger (weapon)
Armour
 a - a +0 pair of boots (worn)
 d - a +0 robe (worn)
Scrolls
 h - a scroll of remove curse
Potions
 b - a potion of curing
 c - a potion of heal wounds {unknown}
 g - a potion of might {unknown}
Comestibles
 f - 2 rations


   Skills:
 + Level 4.5 Fighting
 + Level 0.6 Short Blades
 + Level 0.6 Long Blades
 + Level 0.6 Axes
 + Level 0.6 Maces & Flails
 + Level 2.5 Polearms
 + Level 0.6 Staves
 + Level 0.6 Slings
 + Level 0.6 Bows
 + Level 0.6 Crossbows
 + Level 4.5 Throwing
 + Level 0.6 Armour
 + Level 0.6 Dodging
 + Level 4.1 Stealth
 + Level 0.6 Shields
 + Level 0.6 Unarmed Combat
 + Level 2.8 Spellcasting
 + Level 0.4 Conjurations
 + Level 0.4 Hexes
 + Level 0.4 Charms
 + Level 0.4 Summonings
 + Level 3.7 Necromancy
 + Level 0.4 Translocations
 + Level 0.4 Transmutations
 + Level 0.4 Fire Magic
 + Level 0.4 Ice Magic
 + Level 0.4 Air Magic
 + Level 0.4 Earth Magic
 + Level 0.4 Poison Magic
 + Level 0.8 Invocations
 + Level 0.6 Evocations


You had 6 spell levels left.
You knew the following spells:

 Your Spells              Type           Power        Failure   Level  Hunger
a - Magic Dart            Conj           #...         19%         1    #......

Your spell library contained the following spells:

 Spells                   Type           Power        Failure   Level  Hunger
 Corpse Rot               Necr           N/A          8%          2    ###....
 Sublimation of Blood     Necr           ##........   8%          2    ###....
 Blink                    Tloc           N/A          28%         2    ###....
 Call Imp                 Summ           #.......     28%         2    ###....
 Slow                     Hex            #.......     28%         2    ###....
 Conjure Flame            Conj/Fire      #.......     50%         3    ###....
 Mephitic Cloud           Conj/Pois/Air  #.......     50%         3    ###....


Dungeon Overview and Level Annotations

Branches:
Dungeon (2/15)

Altars:
Elyvilon
Gozag


Innate Abilities, Weirdness & Mutations

Your experience applies equally to all skills.
You have very sharp teeth.
Your uncanny sense of smell can sniff out nearby items.


Message History

The adder is moderately wounded.
The adder closely misses you.
You closely miss the adder. Your bite misses the adder.
The adder is moderately wounded.
The adder misses you.
You barely miss the adder.
The adder is moderately wounded.
The adder closely misses you.
You closely miss the adder.
The adder is moderately wounded.
The adder bites you.
* * * LOW HITPOINT WARNING * * *
The adder bites you but does no damage.
You hit the adder. Your bite misses the adder.
The adder is heavily wounded.
The adder closely misses you.
You hit the adder. Your bite misses the adder.
The adder is heavily wounded.
The adder bites you.
You die...

#..........
#.#...#...#
#..........
#.#########
#.# #.# #.#
####.######(#
∆
......S@...(#
####.########
∆


You could see an adder.

Vanquished Creatures
  An ooze (D:2)
  A dart slug (D:1)
  2 giant cockroaches
  4 goblins (D:1)
  A hobgoblin (D:1)
  4 bats (D:1)
  A frilled lizard (D:1)
  4 kobolds
  A rat (D:1)
19 creatures vanquished.

Notes
Turn   | Place    | Note
-------+----------+-------------------------------------------
     0 | D:1      | wolfsongas the Gnoll Wanderer began the quest for the Orb.
     0 | D:1      | wolfsongas set off with the following items: a potion of
                  | curing, a +0 robe, a +0 dagger, a ration; and the following
                  | spell memorised: Magic Dart; and the following spells
                  | available to memorise: Corpse Rot, Sublimation of Blood,
                  | Blink, Call Imp, Slow, Conjure Flame, Mephitic Cloud
     0 | D:1      | Reached XP level 1. HP: 20/20 MP: 4/4
   162 | D:1      | Reached XP level 2. HP: 25/26 MP: 5/5
   571 | D:2      | Found a white marble altar of Elyvilon.
   651 | D:2      | Found an opulent altar of Gozag.
   695 | D:2      | Reached XP level 3. HP: 28/31 MP: 7/7
   766 | D:2      | HP: 1/31 [adder (3)]
   768 | D:2      | Slain by an adder

Action                   || total
-------------------------++-------
Melee: Dagger            ||    78
       Bite              ||     4
  Use: Scroll            ||     3
 Stab: Sleeping          ||     8
Armor: Robe              ||    14
Dodge: Dodged            ||    38
